 Dungeon Crawl Stone Soup version 0.27.1-2-g3b301248ec (webtiles) character file.

Game seed: 7204919486381382614

2 MisterFreud the Shield-Bearer (level 1, 0/23 HPs)
             Began as a Gnoll Fighter on Sept 29, 2021.
             Frozen to death by an endoplasm (2 damage)
             ... on level 1 of the Dungeon.
             The game lasted 00:00:15 (57 turns).

MisterFreud the Shield-Bearer (Gnoll Fighter)         Turns: 57, Time: 00:00:15

Health: 0/23       AC:  7    Str: 15    XL:     1   Next: 40%
Magic:  1/1        EV:  7    Int:  7    God:
Gold:   18         SH: 10    Dex: 11    Spells: 0/0 levels left

rFire    . . .     SeeInvis .   a - +0 rapier
rCold    . . .     Faith    .   c - +0 kite shield
rNeg     . . .     Spirit   .   b - +0 scale mail
rPois    .         Reflect  .   (no helmet)
rElec    .         Harm     .   (no cloak)
rCorr    .         Rampage  .   (no gloves)
Will     .....                  (no boots)
Stlth    ..........             (no amulet)
HPRegen  0.07/turn              (no ring)
MPRegen  0.07/turn              (no ring)

@: no status effects
A: fangs 1, strong nose, distributed training
a: no special abilities


You were on level 1 of the Dungeon.
You visited 1 branch of the dungeon, and saw 1 of its levels.

You collected 18 gold pieces.

Inventory:

Hand Weapons
 a - a +0 rapier (weapon)
Armour
 b - a +0 scale mail (worn)
 c - a +0 kite shield (worn)
Jewellery
 e - a ring of flight
Scrolls
 f - 2 scrolls of identify {unknown}
Potions
 d - a potion of might


   Skills:
 + Level 6.4 Fighting
 + Level 4.4 Short Blades
 + Level 0.0 Long Blades
 + Level 0.0 Axes
 + Level 0.0 Maces & Flails
 + Level 0.0 Polearms
 + Level 0.0 Staves
 + Level 0.0 Slings
 + Level 0.0 Bows
 + Level 0.0 Crossbows
 + Level 0.0 Throwing
 + Level 6.4 Armour
 + Level 0.0 Dodging
 + Level 0.0 Stealth
 + Level 6.4 Shields
 + Level 0.0 Unarmed Combat
 + Level 0.0 Spellcasting
 + Level 0.0 Conjurations
 + Level 0.0 Hexes
 + Level 0.0 Summonings
 + Level 0.0 Necromancy
 + Level 0.0 Translocations
 + Level 0.0 Transmutations
 + Level 0.0 Fire Magic
 + Level 0.0 Ice Magic
 + Level 0.0 Air Magic
 + Level 0.0 Earth Magic
 + Level 0.0 Poison Magic
 + Level 0.1 Invocations
 + Level 0.0 Evocations


You couldn't memorise any spells.
You didn't know any spells.
Your spell library was empty.

Dungeon Overview and Level Annotations

Branches:
Dungeon (1/15)

Altars:


Innate Abilities, Weirdness & Mutations

You have very sharp teeth.
Your uncanny sense of smell can sniff out nearby items.
Your experience applies equally to all skills.


Message History

You closely miss the quokka.
The quokka is almost dead.
The endoplasm freezes you.
You are frozen.
The quokka bites you but does no damage.
You barely miss the quokka.
The quokka is almost dead.
You block the quokka's attack. You block the endoplasm's attack.
The quokka barely misses you.
You closely miss the quokka. Your bite misses the quokka.
The quokka is almost dead.
You block the endoplasm's attack. You block the quokka's attack.
The endoplasm hits you but does no damage.
You closely miss the quokka.
The quokka is almost dead.
The quokka bites you. You block the endoplasm's attack.
You hit the quokka but do no damage. Your bite misses the quokka.
The quokka is almost dead.
The quokka closely misses you.
The endoplasm hits you but does no damage.
The quokka barely misses you.
You hit the quokka but do no damage.
The quokka is severely wounded.
You block the quokka's attack. The endoplasm freezes you.
You are frozen.
* * * LOW HITPOINT WARNING * * *
You hit the quokka.
You kill the quokka!
The endoplasm freezes you.
You are frozen.
* * * LOW HITPOINT WARNING * * *
You see here a quokka corpse.
Your shield prevents you from hitting the endoplasm.
The endoplasm hits you.
* * * LOW HITPOINT WARNING * * *
You hit the endoplasm but do no damage. The endoplasm freezes you.
You are frozen.
You die...

# ####### #. #.....
.##.... ........ ..
... ## ..##.# .# ..#@#
# ####.# #.#J#.#
#....#######.#.#.#
#.... ...........#
#...# ######..###
#...# ###......#
#.#...###........#
...........#####.....
#.########.#####.###.#


You could see an endoplasm.

Vanquished Creatures
  A bat (D:1)
  A quokka (D:1)
2 creatures vanquished.

Notes
Turn   | Place    | Note
-------+----------+-------------------------------------------
     0 | D:1      | MisterFreud the Gnoll Fighter began the quest for the Orb.
     0 | D:1      | Reached XP level 1. HP: 23/23 MP: 1/1
    57 | D:1      | Frozen to death by an endoplasm

Illustrated notes

Levels and vault maps discovered:
D:1:      mrwooster_arrival_statue, layout_basic

Action                   || total
-------------------------++-------
Melee: Rapier            ||    25
       Bite              ||     2
Armor: Scale mail        ||    19
Dodge: Dodged            ||     6
Block: Kite shield       ||    13
